 Dungeon Crawl Stone Soup version 0.31-a0-844-gdc52ec4e09 (webtiles) character file.

Game seed: 15767208664781401446

2726 Joey1 the Cleaver (level 9, 0/108 (111) HPs)
             Began as a Minotaur Berserker on Sept 28, 2023.
             Was a High Priest of Trog.
             Slain by a wyvern (5 damage)
             ... on level 7 of the Dungeon.
             The game lasted 00:09:00 (7816 turns).

Joey1 the Cleaver (Minotaur Berserker)              Turns: 7816, Time: 00:09:01

HP:   0/108 (111)   AC: 13    Str: 27    XL:     9   Next: 40%
MP:   8/8           EV:  8    Int:  4    God:    Trog [*****.]
Gold: 430           SH:  0    Dex:  9    Spells: 8/8 levels left

rFire   . . .        o - +1 war axe
rCold   + . .        (no shield)
rNeg    . . .        f - +0 plate armour
rPois   .            (helmet restricted)
rElec   .            k - +0 cloak
rCorr   .            l - +0 pair of gloves
SInv    +            (no boots)
Will    .....        p - amulet of faith Stlth
                     r - ring of see invisible
HPRegen 0.38/turn    y - ring of protection from cold
MPRegen 0.11/turn

%: faith
@: berserking, slowed, lightly drained
A: horns 2, retaliatory headbutt
a: Renounce Religion, Berserk, Trog's Hand, Brothers in Arms


You were on level 7 of the Dungeon.
You worshipped Trog.
Trog was extremely pleased with you.
You visited 1 branch of the dungeon, and saw 8 of its levels.

You collected 430 gold pieces.

Inventory:

Hand Weapons
 a - a +0 hand axe
 o - a +1 war axe (weapon)
 H - a +0 morningstar
Missiles
 A - 3 throwing nets
 F - 8 poisoned darts
 G - a curare-tipped dart
Armour
 b - a +0 animal skin
 f - a +0 plate armour (worn)
 k - a +0 cloak (worn)
 l - a +0 pair of gloves (worn)
Jewellery
 n - a ring of fire
 p - an amulet of faith (around neck)
 r - a ring of see invisible (left hand)
 y - a ring of protection from cold (right hand)
 E - a ring of positive energy
Wands
 j - a wand of quicksilver (9)
Scrolls
 d - 2 scrolls of fog
 h - 3 scrolls of amnesia
 i - a scroll of enchant weapon
 t - 2 scrolls of blinking {unknown}
 u - a scroll of vulnerability {unknown}
 v - a scroll of brand weapon {unknown}
 w - a scroll of enchant armour {unknown}
 B - a scroll of poison {unknown}
 C - a scroll of revelation {unknown}
Potions
 c - 2 potions of might
 e - a potion of lignification {unknown}
 g - 2 potions of resistance {unknown}
 m - a potion of haste {unknown}
 q - a potion of mutation {unknown}
 s - 4 potions of curing
 x - 3 potions of heal wounds
 z - a potion of invisibility {unknown}
 D - a potion of degeneration {unknown}


   Skills:
 - Level 5.0 Fighting
 * Level 14.3 Axes
 - Level 3.0 Armour
 - Level 5.0 Dodging


You had 8 spell levels left.
You didn't know any spells.
Your spell library was empty.

Dungeon Overview and Level Annotations

Branches:
Dungeon (8/15)             Temple (0/1) D:6
   Lair: D:8-11

Altars:

Shops:
D:1 [   D:3 [   D:6 (


Innate Abilities, Weirdness & Mutations

You have a pair of horns on your head.
You reflexively headbutt those who attack you in melee.


Message History

You feel sick. The wyvern bites you. The water moccasin barely misses you.
You furiously retaliate!
You headbutt the water moccasin!
The kobold brigand hits you with a +0 whip.
The orc wizard mumbles some strange words.
The orc wizard flickers and vanishes for a moment.
The wyvern bites you!
* * * LOW HITPOINT WARNING * * *
You climb upwards.
You feel very sick.
There is a stone staircase leading down here.
You are too injured to fight recklessly!
You are too injured to fight recklessly!
A red film seems to cover your vision as you go berserk!
You feel yourself moving faster!
You feel mighty!
You feel sick.
You are no longer poisoned.
The wyvern bites you.
* * * LOW HITPOINT WARNING * * *
The kobold brigand hits you with a +0 whip.
* * * LOW HITPOINT WARNING * * *
The wyvern closely misses you.
The kobold brigand hits you but does no damage.
You closely miss the kobold brigand.
The kobold brigand is lightly wounded.
You slash the wyvern! The wyvern barely misses you.
You slice the kobold brigand!!
You kill the kobold brigand!
Trog accepts your kill.
You hit the wyvern. The wyvern barely misses you.
You closely miss the wyvern.
The wyvern is heavily wounded.
The wyvern bites you!
* * * LOW HITPOINT WARNING * * *
You hit the wyvern. You headbutt the wyvern.
The wyvern is almost dead.
The wyvern bites you but does no damage.
You barely miss the wyvern.
The wyvern is almost dead.
The wyvern hisses menacingly.
The wyvern closely misses you. The wyvern bites you.
You die...

#..........# #.#..........#.
#..........# #.############.
#..........# #.# #.
#..........# #.# #.
##......##### #.# #.
#.........# #.# #.
#.........## #.############.
#..........####..............
#...........@).....##########
#........)##l##....#
#.........##.##....#
#.........##.##....#
#.........##.##....#
#.........##.##....#
############.####### #.# #.#


You could see a wyvern.

Vanquished Creatures
  Eustachio (D:6)
  An ice beast (D:6)
  2 sky beasts
  A black bear (D:5)
  An ogre (D:6)
  A centaur (D:7)
  3 phantoms
  2 kobold brigands (D:7)
  2 bullfrogs
  A gnoll sergeant (D:7)
  3 scorpions
  4 wights
  8 killer bees (D:7)
  3 howler monkeys
  2 jellies (D:6)
  2 hounds (D:5)
  An orc priest (D:7)
  Terence (D:3)
  An orc wizard (D:7)
  3 sleepcaps (D:6)
  3 iguanas
  Robin (D:2)
  8 gnolls (D:7)
  5 adders
  A shadow imp (D:8)
  A white imp (D:6)
  3 worms
  4 dart slugs
  12 orcs
  5 bats
  8 endoplasms
  A giant cockroach (D:4)
  18 goblins
  10 hobgoblins
  23 kobolds
  2 quokkas
  5 ball pythons
  3 frilled lizards
  5 rats
161 creatures vanquished.

Notes
Turn   | Place    | Note
-------+----------+-------------------------------------------
     0 | D:1      | Joey1 the Minotaur Berserker began the quest for the Orb.
     0 | D:1      | Reached XP level 1. HP: 19/19 MP: 0/0
   242 | D:1      | Reached XP level 2. HP: 26/27 MP: 1/1
   247 | D:1      | Reached skill level 4 in Axes
   347 | D:1      | Found a faded altar of an unknown god.
   351 | D:1      | Found Tecu's Armour Emporium.
   924 | D:2      | Reached XP level 3. HP: 33/33 MP: 2/2
   931 | D:2      | Reached ** piety under Trog
  1471 | D:2      | You fall into a shaft and drop 1 floor!
  1498 | D:3      | Reached XP level 4. HP: 39/40 MP: 3/3
  1880 | D:3      | Noticed Terence
  1889 | D:3      | Killed Terence
  1890 | D:3      | Reached skill level 5 in Axes
  1974 | D:3      | Found Naobegamo's Armour Shoppe.
  2464 | D:2      | Noticed Robin
  2471 | D:2      | Reached *** piety under Trog
  2477 | D:2      | Killed Robin
  2478 | D:2      | Reached XP level 5. HP: 29/47 MP: 4/4
  3663 | D:5      | Entered Level 5 of the Dungeon
  3678 | D:5      | Reached skill level 5 in Fighting
  3678 | D:5      | Reached skill level 6 in Axes
  3683 | D:5      | Reached XP level 6. HP: 40/56 MP: 5/5
  4229 | D:5      | Reached skill level 7 in Axes
  4628 | D:5      | Reached XP level 7. HP: 57/61 MP: 6/6
  5006 | D:6      | Reached skill level 8 in Axes
  5006 | D:6      | Reached skill level 5 in Dodging
  5125 | D:6      | Noticed Eustachio
  5146 | D:6      | Killed Eustachio
  5147 | D:6      | Reached skill level 9 in Axes
  5418 | D:6      | Reached **** piety under Trog
  5419 | D:6      | Reached skill level 10 in Axes
  5419 | D:6      | Reached XP level 8. HP: 66/68 MP: 7/7
  5636 | D:6      | Found Cuef's Weapon Boutique.
  5767 | D:6      | Reached skill level 11 in Axes
  6073 | D:6      | Found a staircase to the Ecumenical Temple.
  6276 | D:7      | Reached skill level 12 in Axes
  6636 | D:7      | Reached skill level 13 in Axes
  6636 | D:7      | Reached XP level 9. HP: 74/74 MP: 8/8
  7064 | D:7      | Reached skill level 14 in Axes
  7196 | D:7      | Reached ***** piety under Trog
  7814 | D:7      | HP: 4/108 [wyvern (12)]
  7816 | D:7      | Slain by a wyvern

Illustrated notes

Levels and vault maps discovered:
D:1:      sevenhm_arrival_forest_fort_small_4, layout_basic, serial_shops, shop,
          nicolae_ecumenical_lake_church, chequers_garden
D:2:      layout_basic, grunt_ministairs_2, amethyst_killhole, uniq_robin
D:3:      layout_basic, serial_shops, shop, uniq_terence
D:4:      layout_gridville
D:5:      minmay_spotlight, layout_layer_cave, eino_tiny_chamber
D:6:      layout_basic, minmay_temple_entry_fiery, serial_shops, shop, hex_tiny,
          uniq_eustachio
D:7:      layout_basic
D:8:      layout_cave_pools, dreamdust_princess_bridge

Skill      XL: |  1  2  3  4  5  6  7  8  9 |
---------------+----------------------------+-----
Axes           | 4 5 6 7 10 13 14 | 14.3
Fighting       | 4 5 |  5.0
Armour         | 3 |  3.0
Dodging        | 3 4 5 |  5.0

Action                     |  1- 3 |  4- 6 |  7- 9 || total
---------------------------+-------+-------+-------++-------
  Melee: Hand axe          |    89 |     8 |       ||    97
         Headbutt          |    12 |    21 |    27 ||    60
         War axe           |       |   126 |   179 ||   305
         Punch             |       |     1 |     3 ||     4
 Invoke: Berserk           |       |     1 |     1 ||     2
    Use: Scroll            |       |       |     6 ||     6
 Armour: Plate armour      |    66 |   159 |   156 ||   381
         Animal skin       |     3 |       |       ||     3
  Dodge: Dodged            |    35 |    58 |    81 ||   174

Table legend: (Time is in decaauts)
 A = Elapsed time spent in this place.
 B = Non-inter-level travel time spent in this place.
 C = Inter-level travel time spent in this place.
 D = Time resting spent in this place.
 E = Time spent auto-exploring this place.
 F = Levels seen in this place.
 G = Mean time per level.
                   A        B        C        D        E       F      G
               +--------+--------+--------+--------+--------+-----+--------+
         Total |   7852 |   7439 |    413 |    434 |   6046 |   8 |  981.5 |
       Dungeon |   7852 |   7439 |    413 |    434 |   6046 |   8 |  981.5 |
               +--------+--------+--------+--------+--------+-----+--------+

Top non-repeatable levels by time:
     D:7: 1482 daAuts
     D:5: 1345 daAuts
     D:6: 1315 daAuts
     D:3: 1031 daAuts
     D:2: 959 daAuts
     D:1: 924 daAuts
     D:4: 784 daAuts
     D:8: 8 daAuts
